 Dungeon Crawl Stone Soup version 0.30-a0-778-g2ef04afb54 (webtiles) character file.

Game seed: 8228060576881729860

180 Mickster the Cutter (level 5, 0/42 HPs)
             Began as a Vampire Gladiator on Feb 17, 2023.
             Slain by an orc
             ... wielding a +0 club
              (4 damage)
             ... on level 4 of the Dungeon.
             The game lasted 00:30:38 (2152 turns).

Mickster the Cutter (Vampire Gladiator)             Turns: 2152, Time: 00:30:38

Health: 0/42       AC: 10    Str: 15    XL:     5   Next: 33%
Magic:  5/5        EV: 10    Int: 11    God:
Gold:   131        SH:  0    Dex: 15    Spells: 4/4 levels left

rFire   + . .      SeeInvis +    a - +1 rapier
rCold   x . .      Faith    .    (no shield)
rNeg    . . .      Spirit   .    p - +0 scale mail
rPois   .          Reflect  .    c - +0 helmet
rElec   .          Harm     .    (no cloak)
rCorr   .          Rampage  .    o - +0 pair of gloves
Will    .....      Clarity  +    g - +1 pair of boots Stlth
                                 (no amulet)
HPRegen 0.47/turn                i - ring of fire
MPRegen 0.09/turn                j - ring of see invisible

@: mighty, healing quickly
A: alive, fangs 3, see invisible, vampiric 2, claws 1, clarity, robust 1
a: Exsanguinate


You were on level 4 of the Dungeon.
You visited 1 branch of the dungeon, and saw 4 of its levels.

You collected 131 gold pieces.

Inventory:

Hand Weapons
 a - a +1 rapier (weapon)
 n - a +0 sling
 r - a +0 spear
Missiles
 d - a throwing net
 e - a javelin
 h - 4 poisoned darts
 k - 6 datura-tipped darts (quivered)
Armour
 c - a +0 helmet (worn)
 g - a +1 pair of boots (worn)
 m - a +0 ring mail
 o - a +0 pair of gloves (worn)
 p - a +0 scale mail (worn)
Jewellery
 i - a ring of fire (left hand)
 j - a ring of see invisible (right hand)
 q - a ring of magical power
Scrolls
 l - a scroll of noise {unknown}


   Skills:
 + Level 2.4 Fighting
 + Level 4.5 Short Blades
 * Level 2.5 Throwing
 + Level 1.3 Armour
 + Level 4.0 Dodging
 + Level 1.1 Stealth


You had 4 spell levels left.
You didn't know any spells.
Your spell library was empty.

Dungeon Overview and Level Annotations

Branches:
Dungeon (4/15)
 Temple: D:4-7

Altars:
Ashenzari

Shops:
D:2 !


Innate Abilities, Weirdness & Mutations

Your natural rate of healing is accelerated.
You have razor-sharp teeth.
You have supernaturally acute eyesight. (SInv)
You are afflicted with vampirism and can become a bat while bloodless.
You have sharp fingernails.
You possess an exceptional clarity of mind.
You are robust. (+10% HP)


Message History

Your Stealth skill increases to level 1!
The orc barely misses you. x2; The orc closely misses you.
You see here an iguana corpse.
The orc attacks as you move away! The orc hits you but does no damage.
The orc hits you with a +0 club. The quokka attacks as you move away!
The quokka barely misses you. The quokka attacks as you move away!
The quokka barely misses you. x2
The quokka attacks as you move away! The quokka closely misses you.
The quokka bites you. The orc closely misses you.
The quokka attacks as you move away! The quokka barely misses you.
The orc hits you with a +0 club. The orc attacks as you move away!
The orc barely misses you.
You closely miss the quokka. The quokka bites you.
You hit the quokka but do no damage. The quokka barely misses you.
You barely miss the quokka. The quokka closely misses you.
You closely miss the quokka. You bite the quokka.
The quokka is lightly wounded.
The quokka barely misses you. The orc hits you but does no damage.
The orc barely misses you. The quokka closely misses you.
You barely miss the quokka.
The quokka is lightly wounded.
The orc misses you. The orc barely misses you. The quokka bites you.
You puncture the quokka!
You kill the quokka!
The orc hits you with a +0 flail. The orc misses you.
You hit the orc but do no damage. The orc hits you with a +0 hand axe.
* * * LOW HITPOINT WARNING * * *
The orc barely misses you. The orc hits you but does no damage.
You puncture the orc!
You kill the orc!
The orc barely misses you. The orc misses you.
You feel very mighty all of a sudden. The orc hits you but does no damage.
The orc hits you with a +0 flail!
* * * LOW HITPOINT WARNING * * *
The orc hits you with a +0 short sword.
* * * LOW HITPOINT WARNING * * *
You impale the orc!!
You kill the orc!
The orc hits you with a +0 club.
You die...

##...)..#.........##
........#..........#
..............###.##
..............##...##..
.......................
.............[#...#....
..............##.## ~
.........##..†#o).#.##.≈
.......###....oo@.......
......>......ow##.#.....
..####....###..(..
.####.......##.. .
.......†.......
###.......w....
###..#.........
###.##......... .#..
..........


You could see a worm and 4 orcs.

Vanquished Creatures
  A hound (D:4)
  A jelly (D:3)
  An iguana (D:4)
  2 adders
  2 worms
  2 orcs (D:4)
  3 ball pythons
  7 bats
  7 endoplasms
  A giant cockroach (D:3)
  7 hobgoblins
  4 jackals (D:1)
  7 kobolds
  5 quokkas
  4 frilled lizards
  6 goblins
  8 rats
68 creatures vanquished.

Notes
Turn   | Place    | Note
-------+----------+-------------------------------------------
     0 | D:1      | Mickster the Vampire Gladiator began the quest for the Orb.
     0 | D:1      | Reached XP level 1. HP: 16/16 MP: 1/1
    38 | D:2      | Reached XP level 2. HP: 12/22 MP: 2/2
   421 | D:1      | Gained mutation: You are robust. (+10% HP) [potion of
                  | mutation]
   421 | D:1      | Gained mutation: You have sharp fingernails. [potion of
                  | mutation]
   421 | D:1      | Gained mutation: You possess an exceptional clarity of
                  | mind. [potion of mutation]
   472 | D:1      | Gained mutation: You are afflicted with vampirism and can
                  | become a bat while bloodless. [Vampire growth]
   472 | D:1      | Reached XP level 3. HP: 29/29 MP: 3/3
   987 | D:2      | Found Guk Limu's Distillery.
  1486 | D:3      | Reached skill level 1 in Armour
  1486 | D:3      | Reached XP level 4. HP: 21/36 MP: 4/4
  2088 | D:4      | Reached XP level 5. HP: 36/42 MP: 5/5
  2129 | D:4      | Found a broken altar of Ashenzari.
  2135 | D:4      | Reached skill level 1 in Stealth
  2152 | D:4      | Slain by an orc

Illustrated notes

Levels and vault maps discovered:
D:1:      dpeg_arrival_pits, layout_loops_ring,
          shapermc_ecumenical_altar_flowoftime
D:2:      wander_river, layout_loops_ring, serial_shops, shop
D:3:      layout_loops_ring, amethyst_killhole
D:4:      layout_cave_pools, cheibrodos_ashenzari_chains, serial_rivers,
          chequers_serial_rivers_marsh, chequers_serial_rivers_small_3,
          chequers_serial_rivers_small_b, chequers_serial_rivers_micro_d,
          chequers_serial_rivers_micro_d, kennysheep_small_circle

Skill      XL: |  1  2  3  4  5 |
---------------+----------------+-----
Fighting       | 2 |  2.4
Short Blades   | 4 |  4.5
Throwing       | 2 |  2.5
Armour         | 1 |  1.3
Dodging        | 4 |  4.0
Stealth        | 1 |  1.1

Action                     |  1- 3 |  4- 6 || total
---------------------------+-------+-------++-------
  Melee: Rapier            |   186 |    88 ||   274
         Bite              |    20 |    15 ||    35
         Punch             |     1 |     1 ||     2
  Throw: Throwing net      |     3 |       ||     3
         Dart              |     2 |     2 ||     4
    Use: Potion            |     5 |     4 ||     9
         Scroll            |     3 |     4 ||     7
   Stab: Invisible         |     1 |       ||     1
 Armour: Leather armour    |    63 |       ||    63
         Ring mail         |     4 |       ||     4
         Scale mail        |       |    49 ||    49
  Dodge: Dodged            |   149 |    58 ||   207

Table legend: (Time is in decaauts)
 A = Elapsed time spent in this place.
 B = Non-inter-level travel time spent in this place.
 C = Inter-level travel time spent in this place.
 D = Time resting spent in this place.
 E = Time spent auto-exploring this place.
 F = Levels seen in this place.
 G = Mean time per level.
                   A        B        C        D        E       F      G
               +--------+--------+--------+--------+--------+-----+--------+
         Total |   2165 |   2108 |     57 |    293 |      0 |   4 |  541.2 |
       Dungeon |   2165 |   2108 |     57 |    293 |      0 |   4 |  541.2 |
               +--------+--------+--------+--------+--------+-----+--------+

Top non-repeatable levels by time:
     D:2: 793 daAuts
     D:3: 643 daAuts
     D:1: 640 daAuts
     D:4: 87 daAuts
